 Dungeon Crawl Stone Soup version 0.17.1-3-g152610e (webtiles) character file.

23 juanjsm the Sneak (level 2, -3/13 HPs)
             Began as a Spriggan Enchanter on Mar 28, 2016.
             Slain by a gnoll
             ... wielding a +0 spear
              (9 damage)
             ... on level 2 of the Dungeon.
             The game lasted 00:03:39 (1057 turns).

juanjsm the Sneak (Spriggan Enchanter)              Turns: 1057, Time: 00:03:40

Health: -3/13      AC:  3    Str:  4    XL:     2   Next: 75%
Magic:  6/7        EV:  9    Int: 16    God:
Gold:   60         SH:  0    Dex: 16    Spells: 2 memorised, 4 levels left

rFire  . . .     SeeInvis +     a - +1 dagger
rCold  . . .     Clarity  .     b - +1 robe
rNeg   . . .     SustAt   .     (shield restricted)
rPois  .         Gourm    .     (helmet restricted)
rElec  .         Spirit   .     (no cloak)
rCorr  .         Warding  .     (gloves unavailable)
rMut   .         Stasis   .     (boots unavailable)
MR     .....                    (no amulet)
Stlth  +++.......               (no ring)
                                (no ring)

@: held, very quick, not resistant to hostile enchantments, fairly stealthy
A: unfitting armour, see invisible, herbivore 3, speed 3, slow metabolism 2
a: no special abilities


You were on level 2 of the Dungeon.
You were not hungry.

You visited 1 branch of the dungeon, and saw 2 of its levels.

You collected 60 gold pieces.

Inventory:

Hand Weapons
 a - a +1 dagger (weapon)
Armour
 b - a +1 robe (worn)
Scrolls
 e - a scroll of fear {unknown}
 h - a scroll of teleportation {unknown}
 j - a scroll of fog {unknown}
 k - 3 scrolls of enchant weapon {unknown}
Potions
 g - a potion of flight {unknown}
 i - a potion of haste {unknown}
 l - a potion of cancellation {unknown}
Books
 c - a book of Maledictions

   Spells                             Type                      Level
   a - Corona                         Hexes                        1
   b - Ensorcelled Hibernation        Hexes/Ice                    2
   c - Confuse                        Hexes                        3
   d - Tukima's Dance                 Hexes                        3
   e - Dazzling Spray                 Conjuration/Hexes            3
Comestibles
 d - 2 bread rations
 f - a fruit


   Skills:
 * Level 0.2 Fighting
 * Level 1.2 Short Blades
 * Level 3.2 Dodging
 * Level 4.7 Stealth
 * Level 3.1 Spellcasting
 * Level 4.1 Hexes


You had 4 spell levels left.
You knew the following spells:

 Your Spells              Type           Power        Failure   Level  Hunger
a - Corona                Hex            ###....      4%          1    None
b - Ensorcelled Hibernat  Hex/Ice        #.....       14%         2    ##.....


Dungeon Overview and Level Annotations

Branches:
Dungeon (2/15)

Altars:
Qazlal
Xom


Innate Abilities, Weirdness & Mutations

You are tiny and cannot use many weapons and most armour.
You have supernaturally acute eyesight.
You are a herbivore.
You cover ground extremely quickly.
You need consume almost no food.


Message History

The gnoll shouts!
The gnoll shouts!
You hit the gnoll.
The gnoll is moderately wounded.
The gnoll completely misses you. The gnoll misses you.
Casting: Corona
Confirm with . or Enter, or press ? or * to list all spells.
Aiming: Corona
Press: ? - help, Shift-Dir - straight line, f - gnoll
Aim: a gnoll, wielding a whip (moderately wounded, chance to defeat MR: 61%)
The gnoll is outlined in light.
The gnoll throws a throwing net.
The throwing net hits you.
You become entangled in the net!
Unknown command.
You try to slip out of the net.
A giant gecko comes into view.
You try to slip out of the net.
The gnoll hits you with a whip!
Ouch! That really hurt!
The gnoll hits you from afar with a spear!
Ouch! That really hurt!
You die...

#.....# . ......
.## #...# .l#
##...### #.#
.......# #$#
##...#.## #g#
##.#.#..###### #g#
..)#.##......# #g#
#..#.#######.###@#
#....# #.....#
#.#.## ####..#
.†#.# # ####
.##.... ......#
###.#..# ##..


You could see 3 gnolls and a giant gecko (wandering).

Vanquished Creatures
  A giant gecko (D:1)
  A giant cockroach (D:1)
  3 hobgoblins
  A kobold (D:1)
  A ball python (D:1)
  6 bats
  A giant newt (D:1)
  5 goblins
  2 rats (D:1)
21 creatures vanquished.

Notes
Turn   | Place    | Note
--------------------------------------------------------------
     0 | D:1      | juanjsm the Spriggan Enchanter began the quest for the Orb.
     0 | D:1      | Reached XP level 1. HP: 9/9 MP: 5/5
   163 | D:1      | Reached XP level 2. HP: 7/13 MP: 7/7
   478 | D:1      | Learned a level 2 spell: Ensorcelled Hibernation
  1002 | D:2      | Found a stormy altar of Qazlal.
  1008 | D:2      | Found a shimmering altar of Xom.
  1057 | D:2      | Slain by a gnoll

Action                   || total
-------------------------++-------
Melee: Dagger            ||    52
 Cast: Corona            ||     8
       Ensorcelled Hiber ||     1
 Stab: Sleeping          ||     9
